 Dungeon Crawl Stone Soup version 0.19-a0-1216-g363869b (webtiles) character file.

39 shizmoo the Sneak (level 3, 25/25 HPs)
             Began as an Octopode Assassin on Aug 23, 2016.
             Quit the game on level 2 of the Dungeon.
             The game lasted 00:12:10 (976 turns).

shizmoo the Sneak (Octopode Assassin)                Turns: 976, Time: 00:12:10

Health: 25/25      AC:  1    Str: 10    XL:     3   Next: 45%
Magic:  3/3        EV: 13    Int: 13    God:
Gold:   88         SH:  0    Dex: 14    Spells: 0 memorised, 2 levels left

rFire  + . .     SeeInvis .     a - +2 dagger
rCold  + . .     Gourm    .     (no shield)
rNeg   . . .     Faith    .     (helmet restricted)
rPois  +         Spirit   .     (no amulet)
rElec  +         Dismiss  .     (no ring)
rCorr  +         Reflect  .     (no ring)
MR     .....     Harm     .     (no ring)
Stlth  +++++.....               (no ring)
                                (no ring)
                                (no ring)
                                (no ring)
                                (no ring)

@: resistant
A: almost no armour, amphibious, 8 rings, constrict 8, camouflage 1, gelatinous
body 1
a: no special abilities


You were on level 2 of the Dungeon.
You were not hungry.

You visited 1 branch of the dungeon, and saw 2 of its levels.

You collected 88 gold pieces.

Inventory:

Hand Weapons
 a - a +2 dagger (weapon)
 b - a +0 blowgun
 g - a +0 spear
 i - a +0 hand axe
Missiles
 c - 8 poisoned needles
 d - 2 curare-tipped needles
 e - 35 bolts
Scrolls
 k - a scroll of teleportation {unknown}
 m - a scroll of amnesia {unknown}
Potions
 j - a potion of cure mutation {unknown}
 l - a potion of agility {unknown}
 n - a potion of lignification {unknown}
 o - a potion of heal wounds {unknown}
Comestibles
 f - a bread ration


   Skills:
 + Level 2.3 Fighting
 + Level 2.4 Short Blades
 - Level 2.0 Throwing
 + Level 1.4 Dodging
 + Level 6.2 Stealth


You had 2 spell levels left.
You didn't know any spells.

Dungeon Overview and Level Annotations

Branches:
Dungeon (2/15)

Altars:
Cheibriados
Elyvilon
Vehumet
Zin


Innate Abilities, Weirdness & Mutations

You cannot wear most types of armour.
You are amphibious.
You can wear up to eight rings at the same time.
You can use your tentacles to constrict eight enemies at once.
Your skin changes colour to match your surroundings (Stealth+).
Your rubbery body absorbs attacks. (AC +1, EV +1)


Message History

You see here a dagger.
Found a radiant altar of Vehumet and a white marble altar of Elyvilon.
Found a leather armour.
You now have 88 gold pieces (gained 11).
Press: ? - help, v - describe, . - travel The floor.
Press: ? - help, v - describe, . - travel The floor.
Unknown command.
Wield which item (- for none, * to show all)? (? for menu, Esc to quit)
Okay, then.
A giant newt comes into view.
There is a fountain of clear blue water here.
Okay, then.
There are no items here.
Welcome back, shizmoo the Octopode Assassin.
Press ? for a list of commands and other information.
It was a potion of resistance.
You feel protected.
Are you sure you want to abandon this character and quit the game? (Confirm with "yes".)

... #. .#
..l##.##.# ##
......... ...
.......###.##
#....[......
##._..._..#
##.........#
#.....@....#
#..........#
#..._..._.##
##........#
#.##...### ..
#####.......#
...+........)..#
..######......#
.........######


You could see a giant newt (sleeping).

Vanquished Creatures
  A gnoll (D:1)
  A worm (D:2)
  A dart slug (D:1)
  4 bats (D:1)
  4 giant cockroaches
  A goblin (D:1)
  3 hobgoblins
  3 jackals (D:2)
  A giant newt (D:1)
  3 kobolds (D:1)
  2 rats
24 creatures vanquished.

Notes
Turn   | Place    | Note
-------+----------+-------------------------------------------
     0 | D:1      | shizmoo the Octopode Assassin began the quest for the Orb.
     0 | D:1      | Reached XP level 1. HP: 14/14 MP: 1/1
   181 | D:1      | Reached skill level 6 in Stealth
   181 | D:1      | Reached XP level 2. HP: 19/19 MP: 2/2
   538 | D:1      | Reached XP level 3. HP: 24/24 MP: 3/3
   945 | D:2      | Found a snail-covered altar of Cheibriados.
   958 | D:2      | Found a glowing silver altar of Zin.
   965 | D:2      | Found a radiant altar of Vehumet.
   965 | D:2      | Found a white marble altar of Elyvilon.
   976 | D:2      | Quit the game

Vault maps used:
D:1:      lightli_arrival_statuegarden
D:2:      grunt_temple_overflow_open, uniq_terence

Skill      XL: |  1 |
---------------+----+-----
Stealth        | 6 |  6.2
Fighting       | |  2.3
Short Blades   | |  2.4
Throwing       | |  2.0
Dodging        | |  1.4

Action                   || total
-------------------------++-------
Melee: Dagger            ||    41
       Constrict         ||     9
       Tentacles         ||     5
  Use: Potion            ||     1
 Stab: Sleeping          ||    10
       Distracted        ||     1
Dodge: Dodged            ||    12
